 Dungeon Crawl Stone Soup version 0.29.1-1-gd02db6906a (webtiles) character file.

Game seed: 12160900351196605872

712 LabCoat the Chopper (level 7, -6/61 HPs)
             Began as a Hill Orc Fighter on Sept 15, 2022.
             Was an Initiate of Trog.
             Mangled by a two-headed ogre
             ... wielding a +0 giant club
              (17 damage)
             ... on level 5 of the Dungeon.
             The game lasted 00:11:10 (3704 turns).

LabCoat the Chopper (Hill Orc Fighter)              Turns: 3704, Time: 00:11:10

Health: -6/61      AC: 13    Str: 21    XL:     7   Next: 68%
Magic:  7/7        EV:  7    Int:  8    God:    Trog [......]
Gold:   268        SH:  5    Dex: 10    Spells: 6/6 levels left

rFire   . . .      SeeInvis .   a - +0 war axe (freeze)
rCold   . . .      Faith    .   c - +0 buckler
rNeg    . . .      Spirit   .   q - +0 chain mail {rPois}
rPois   +          Reflect  .   (no helmet)
rElec   .          Harm     .   h - +0 cloak
rCorr   .          Rampage  .   (no gloves)
Will    .....                   g - +1 pair of boots
Stlth   ..........              (no amulet)
HPRegen 0.20/turn               j - ring of poison resistance
MPRegen 0.10/turn               (no ring)

@: mighty
A: no striking features
a: Renounce Religion


You were on level 5 of the Dungeon.
You worshipped Trog.
Trog was noncommittal.
You visited 2 branches of the dungeon, and saw 6 of its levels.

You collected 268 gold pieces.

Inventory:

Hand Weapons
 a - a +0 war axe of freezing (weapon)
 e - a +0 flail
Missiles
 n - 10 poisoned darts (quivered)
 o - 4 javelins
 t - 3 boomerangs
Armour
 c - a +0 buckler (worn)
 g - a +1 pair of boots (worn)
 h - a +0 cloak (worn)
 q - a +0 chain mail of poison resistance (worn)
Jewellery
 j - a ring of poison resistance (left hand)
Wands
 b - a wand of flame (20)
 r - a wand of charming (5)
 s - a wand of polymorph (8)
Scrolls
 f - 2 scrolls of enchant weapon
 m - a scroll of teleportation
 u - a scroll of identify
Potions
 i - 3 potions of magic
 k - 2 potions of flight
 l - 3 potions of brilliance
 p - a potion of heal wounds


   Skills:
 + Level 5.5 Fighting
 * Level 7.0 Axes
 + Level 1.1 Throwing
 + Level 5.0 Armour
 + Level 5.0 Shields
 + Level 1.3 Evocations


You had 6 spell levels left.
You didn't know any spells.
Your spell library contained the following spells:

 Spells                   Type           Power      Damage    Failure   Level
 Slow                     Hex            0%         N/A       99%         1
 Ensorcelled Hibernation  Hex/Ice        0%         N/A       100%        2
 Passwall                 Tmut/Erth      0%         N/A       100%        2
 Confusing Touch          Hex            0%         N/A       100%        3
 Gell's Gravitas          Tloc           0%         N/A       100%        3
 Lesser Beckoning         Tloc           0%         N/A       100%        3
 Spider Form              Tmut/Pois      0%         N/A       100%        3
 Swiftness                Air            0%         N/A       100%        3
 Teleport Other           Tloc           0%         N/A       100%        3
 Vampiric Draining        Necr           0%         2d6       100%        3
 Anguish                  Hex/Necr       0%         N/A       100%        4


Dungeon Overview and Level Annotations

Branches:
Dungeon (5/15)             Temple (1/1) D:4

Altars:
Ashenzari
Cheibriados
Dithmenos
Fedhas
Hepliaklqana
Makhleb
Nemelex Xobeh
Sif Muna
Trog
Uskayaw
Wu Jian
Xom
Yredelemnul
The Shining One

Shops:
D:4 :

Annotations:
D:3 3 runed translucent doors, stil's ghost, amateur DjIE


Message History

Things that are here:
a +0 falchion; an orc corpse
There is a stone staircase leading up here.
m - 2 scrolls of teleportation (gained 1)
There are no items here.
There is a stone staircase leading up here.
You open the door.
You now have 268 gold pieces (gained 15).
You open the door.
A two-headed ogre comes into view. It is wielding two +0 giant clubs.
There is an open door here.
Okay, then.
Aiming: Throw Flame
Press: ? - help, Shift-Dir - straight line, f - two-headed ogre
Aim: a two-headed ogre, wielding two +0 giant clubs (85% to hit)
The puff of flame hits the two-headed ogre!
The two-headed ogre is lightly wounded.
Okay, then.
As you read the scroll of teleportation, it crumbles to dust.
You feel strangely unstable.
The two-headed ogre hits you with a +0 giant club! x2
You hit the two-headed ogre but do no damage.
The two-headed ogre is lightly wounded.
The two-headed ogre barely misses you.
The two-headed ogre hits you with a +0 giant club!
Your surroundings seem slightly different.
You hit the two-headed ogre. You freeze the two-headed ogre.
The two-headed ogre is moderately wounded.
You block the two-headed ogre's attack. The two-headed ogre closely misses you.
Okay, then.
You feel very mighty all of a sudden.
The two-headed ogre hits you with a +0 giant club!
* * * LOW HITPOINT WARNING * * *
The two-headed ogre hits you with a +0 giant club!
* * * LOW HITPOINT WARNING * * *
You barely miss the two-headed ogre.
The two-headed ogre is lightly wounded.
The two-headed ogre barely misses you.
The two-headed ogre hits you with a +0 giant club!
You die...

#.#.#.#
#.#.#.#
#.#.#.#
#.#.#.#
#.#.#.#
##+#...# ###
#.....##...#
#.....'..#
#...@O####
#.....#
#.....#
#.....#
#######


You could see a two-headed ogre.

Vanquished Creatures
  Sigmund (D:3)
  A bullfrog (D:4)
  2 scorpions
  A necrophage (D:4)
  3 orc priests (D:4)
  Jessica (D:3)
  Ijyb (D:3)
  7 adders
  2 worms (D:2)
  4 dart slugs
  12 orcs
  7 bats
  5 endoplasms
  3 giant cockroaches
  8 hobgoblins
  3 jackals (D:1)
  5 quokkas
  5 ball pythons
  3 frilled lizards
  6 goblins
  4 kobolds
  7 rats
91 creatures vanquished.

Vanquished Creatures (others)
  A fungus (D:1)
  3 plants (D:1)
4 creatures vanquished.

Grand Total: 95 creatures vanquished

Notes
Turn   | Place    | Note
-------+----------+-------------------------------------------
     0 | D:1      | LabCoat the Hill Orc Fighter began the quest for the Orb.
     0 | D:1      | Reached XP level 1. HP: 19/19 MP: 1/1
    58 | D:1      | Found a faded altar of an unknown god.
    92 | D:1      | Reached skill level 3 in Axes
    92 | D:1      | Reached XP level 2. HP: 22/27 MP: 2/2
   334 | D:1      | Reached XP level 3. HP: 31/33 MP: 3/3
  1317 | D:2      | Reached skill level 4 in Axes
  1317 | D:2      | Reached XP level 4. HP: 24/40 MP: 4/4
  1890 | D:3      | Noticed Sigmund
  1895 | D:3      | Killed Sigmund
  1896 | D:3      | Reached skill level 5 in Axes
  1896 | D:3      | Reached XP level 5. HP: 41/47 MP: 5/5
  1896 | D:3      | Reached XP level 6. HP: 48/55 MP: 6/6
  1943 | D:3      | Noticed Jessica
  1951 | D:3      | Killed Jessica
  2120 | D:3      | Reached skill level 5 in Fighting
  2275 | D:3      | Reached skill level 6 in Axes
  2396 | D:3      | Found a sparkling altar of Nemelex Xobeh.
  2552 | D:3      | Noticed Ijyb
  2570 | D:3      | Killed Ijyb
  2723 | D:3      | Found a runed translucent gate.
  2723 | D:3      | Found a runed translucent gate.
  2723 | D:3      | Found a runed translucent gate.
  2724 | D:3      | Noticed stil's ghost (amateur DjIE)
  2772 | D:4      | Found Tewi's Book Shoppe.
  2937 | D:4      | Reached XP level 7. HP: 49/61 MP: 7/7
  3001 | D:4      | Found a staircase to the Ecumenical Temple.
  3019 | D:4      | Reached skill level 1 in Evocations
  3176 | Temple   | Entered the Ecumenical Temple
  3185 | Temple   | Became a worshipper of Trog the Wrathful
  3424 | D:4      | Reached skill level 7 in Axes
  3424 | D:4      | Reached skill level 1 in Throwing
  3424 | D:4      | Reached skill level 5 in Shields
  3525 | D:4      | Reached skill level 5 in Armour
  3670 | D:5      | Entered Level 5 of the Dungeon
  3695 | D:5      | Noticed a two-headed ogre
  3704 | D:5      | Mangled by a two-headed ogre

Illustrated notes

Levels and vault maps discovered:
D:1:      saegor_arrival_fortress, layout_basic,
          shapermc_ecumenical_altar_mp_ritualfount, hex_intersection,
          dk_noncrumbling_3, minmay_tetromino_o4
D:2:      layout_basic, minmay_quadrilaterals
D:3:      layout_rooms, mainiacjoe_overflow_surrounded_room,
          gammafunk_ghost_necromancy, uniq_jessica, uniq_sigmund, uniq_ijyb
D:4:      layout_rooms, minmay_temple_entry_proselytizer, serial_shops, shop,
          minmay_misc_feat_enclosed, minmay_small_thing
D:5:      layout_basic
Temple:   cyrus_circular_temple

Skill      XL: |  1  2  3  4  5  6  7 |
---------------+----------------------+-----
Axes           | 3 4 5 6 7 |  7.0
Fighting       | 4 5 |  5.5
Armour         | 4 5 |  5.0
Shields        | 4 5 |  5.0
Evocations     | 1 |  1.3
Throwing       | 1 |  1.1

Action                   |  1- 3 |  4- 6 |  7- 9 || total
-------------------------+-------+-------+-------++-------
Melee: War axe           |    92 |   129 |    47 ||   268
Evoke: Wand              |       |       |     3 ||     3
  Use: Scroll            |     5 |     8 |     2 ||    15
       Potion            |       |       |     1 ||     1
Armor: Scale mail        |    40 |    32 |       ||    72
       Chain mail        |       |    28 |    25 ||    53
Dodge: Dodged            |    41 |    63 |    12 ||   116
Block: Buckler           |    22 |    25 |    11 ||    58
